TOP OF THE 1ST |
Balboa Buccaneers batting - Pitching for Brinkley Belugas : RHP Kirk Evans
|
Pitching: RHP Kirk Evans
|
|
Batting: RHB Matt Nelson
|
0-0: Foul Ball, location: 2F 0-1: Swinging Strike 0-2: Strikes out looking
|
Batting: RHB Thomas Morris
|
0-0: Ball 1-0: Ground out 1-3 (Groundball, 13)
|
Batting: RHB Tom Tracy
|
0-0: Called Strike 0-1: Ball 1-1: Ground out 6-3 (Groundball, 6M)
|
Top of the 1st over - 0 run(s), 0 hit(s), 0 error(s), 0 left on base; Balboa 0 - Brinkley 0 |
BOTTOM OF THE 1ST |
Brinkley Belugas batting - Pitching for Balboa Buccaneers : RHP Brandeis Göller
|
Pitching: RHP Brandeis Göller
|
|
Batting: RHB Dave Nichols
|
0-0: Swinging Strike 0-1: Called Strike 0-2: Strikes out swinging
|
Batting: SHB Earl Holman
|
0-0: Ball 1-0: Ball 2-0: Ball 3-0: Base on Balls
|
Batting: RHB Jean Pronk
|
0-0: Called Strike 0-1: Ball 1-1: Ball 2-1: Foul Ball, location: 2F 2-2: DOUBLE (Groundball, 3L) Earl Holman to third Runner from 3rd tries for Home, SAFE, throw made at trailing runner, SAFE at third!
|
Batting: LHB Patrick Larson
|
0-0: Ball 1-0: Swinging Strike 1-1: Ground out U3 (Groundball, 3S)
|
Batting: SHB Edgar Cantú
|
0-0: Swinging Strike 0-1: Called Strike 0-2: Fly out, F7 (Flyball, 7S)
|
Bottom of the 1st over - 1 run(s), 1 hit(s), 0 error(s), 1 left on base; Balboa 0 - Brinkley 1 |
TOP OF THE 2ND |
Balboa Buccaneers batting - Pitching for Brinkley Belugas : RHP Kirk Evans
|
Batting: RHB César Garza
|
0-0: Ball 1-0: Ball 2-0: Called Strike 2-1: Fly out, F9 (Flyball, 9LM)
|
Batting: RHB Louie McNeil
|
0-0: Called Strike 0-1: Ball 1-1: Called Strike 1-2: Foul Ball, location: 2F 1-2: Strikes out swinging
|
Batting: LHB Dudley Duncan
|
0-0: Ground out U3 (Groundball, 3)
|
Top of the 2nd over - 0 run(s), 0 hit(s), 0 error(s), 0 left on base; Balboa 0 - Brinkley 1 |
BOTTOM OF THE 2ND |
Brinkley Belugas batting - Pitching for Balboa Buccaneers : RHP Brandeis Göller
|
Batting: RHB Max Burke
|
0-0: Ball 1-0: Swinging Strike 1-1: DOUBLE (Groundball, 5L)
|
Batting: RHB James Peterson
|
0-0: Called Strike 0-1: Ball 1-1: Ground out 5-3 (Groundball, 56)
|
Batting: RHB Alberto Morales
|
0-0: Ball 1-0: Fly out, F8 (Flyball, 89D) Runner from 2nd tags up, SAFE at 3rd, no throw
|
Batting: RHB Juan Díaz
|
0-0: Called Strike 0-1: Ball 1-1: Ball 2-1: Ball 3-1: Swinging Strike 3-2: Ground out 4-3 (Groundball, 4)
|
Bottom of the 2nd over - 0 run(s), 1 hit(s), 0 error(s), 1 left on base; Balboa 0 - Brinkley 1 |
TOP OF THE 3RD |
Balboa Buccaneers batting - Pitching for Brinkley Belugas : RHP Kirk Evans
|
Batting: RHB Leonard James
|
0-0: Ball 1-0: Called Strike 1-1: Ball 2-1: Foul Ball, location: 2F 2-2: Ground out 5-3 (Groundball, 56)
|
Batting: SHB Theodore Buck
|
0-0: Ball 1-0: Ball 2-0: Called Strike 2-1: Foul Ball, location: 2F 2-2: Foul Ball, location: 2F 2-2: Ball 3-2: DOUBLE (Line Drive, 7LS)
|
Batting: RHB Bob MacGruder
|
0-0: Foul Ball, location: 2F 0-1: Ball 1-1: 2-RUN HOME RUN (Flyball, 9D), Distance : 363 ft
|
Batting: RHB Matt Nelson
|
0-0: Ball 1-0: Called Strike 1-1: Swinging Strike 1-2: Strikes out swinging
|
Batting: RHB Thomas Morris
|
0-0: Swinging Strike 0-1: Foul Ball, location: 2F 0-2: Ball 1-2: Strikes out swinging
|
Top of the 3rd over - 2 run(s), 2 hit(s), 0 error(s), 0 left on base; Balboa 2 - Brinkley 1 |
BOTTOM OF THE 3RD |
Brinkley Belugas batting - Pitching for Balboa Buccaneers : RHP Brandeis Göller
|
Batting: RHB Dave Nichols
|
0-0: Swinging Strike 0-1: DOUBLE (Line Drive, 78M)
|
Batting: SHB Earl Holman
|
0-0: SINGLE (Groundball, 34D) Dave Nichols to third Runner from 3rd tries for Home, SAFE, throw made home
|
Batting: RHB Jean Pronk
|
0-0: Called Strike 0-1: SINGLE (Groundball, 34S) Earl Holman to second Runner from 2nd tries for 3rd, SAFE, throw made to third
|
Batting: LHB Patrick Larson
|
0-0: Ball Passed Ball! Earl Holman scores Jean Pronk to second 1-0: Ball 2-0: Called Strike 2-1: Ground out 1-3 (Groundball, 13) Jean Pronk to third
|
Batting: SHB Edgar Cantú
|
0-0: Ball 1-0: Called Strike 1-1: Fly out, F7 (Flyball, 78M)
|
Batting: RHB Max Burke
|
0-0: SINGLE (Groundball, 3S) Jean Pronk scores
|
Batting: RHB James Peterson
|
0-0: Ball 1-0: Ball 2-0: Swinging Strike 2-1: Foul Ball, location: 2F 2-2: DOUBLE (Flyball, 78XD) Max Burke to third Runner from 3rd tries for Home, SAFE, no throw or cutoff
|
Pitching: RHP Jordan Collins
|
|
Batting: RHB Alberto Morales
|
0-0: Ball 1-0: Ground out 3-1 (Groundball, 34)
|
Bottom of the 3rd over - 4 run(s), 5 hit(s), 0 error(s), 1 left on base; Balboa 2 - Brinkley 5 |
TOP OF THE 4TH |
Balboa Buccaneers batting - Pitching for Brinkley Belugas : RHP Kirk Evans
|
Batting: RHB Tom Tracy
|
0-0: Ball 1-0: Ball 2-0: Called Strike 2-1: Swinging Strike 2-2: Strikes out looking
|
Batting: RHB César Garza
|
0-0: Called Strike 0-1: Fly out, F8 (Flyball, 8RXD)
|
Batting: RHB Louie McNeil
|
0-0: Called Strike 0-1: Foul Ball, location: 2F 0-2: Foul Ball, location: 2F 0-2: Ball 1-2: SINGLE (Groundball, 6MD)
|
Batting: LHB Dudley Duncan
|
0-0: SINGLE (Line Drive, 34) Louie McNeil to second
|
Batting: RHB Leonard James
|
0-0: Called Strike 0-1: Ball 1-1: Ground out 4-3 (Groundball, 4)
|
Top of the 4th over - 0 run(s), 2 hit(s), 0 error(s), 2 left on base; Balboa 2 - Brinkley 5 |
BOTTOM OF THE 4TH |
Brinkley Belugas batting - Pitching for Balboa Buccaneers : RHP Jordan Collins
|
Batting: RHB Juan Díaz
|
0-0: Ball 1-0: Foul Ball, location: 2F 1-1: Foul Ball, location: 2F 1-2: Ground out 6-3 (Groundball, 6)
|
Batting: RHB Dave Nichols
|
0-0: Fly out, F9 (Flyball, 89M)
|
Batting: SHB Earl Holman
|
0-0: Foul Ball, location: 2F 0-1: DOUBLE (Line Drive, 7LM)
|
Batting: RHB Jean Pronk
|
0-0: Called Strike 0-1: SINGLE (Flyball, 78S) Earl Holman to third Runner from 3rd tries for Home, SAFE, no throw or cutoff
|
Batting: LHB Patrick Larson
|
0-0: Called Strike 0-1: Ball 1-1: Ball Jean Pronk is caught stealing 2nd base
|
Bottom of the 4th over - 1 run(s), 2 hit(s), 0 error(s), 0 left on base; Balboa 2 - Brinkley 6 |
TOP OF THE 5TH |
Balboa Buccaneers batting - Pitching for Brinkley Belugas : RHP Kirk Evans
|
Batting: SHB Theodore Buck
|
0-0: Ball 1-0: Ball 2-0: SINGLE (Line Drive, 6MD)
|
Batting: RHB Bob MacGruder
|
0-0: Swinging Strike 0-1: Ball 1-1: Ball 2-1: Called Strike 2-2: Ball 3-2: Fly out, F6 (Popup, 8RS)
|
Batting: RHB Matt Nelson
|
0-0: Fly out, F9 (Flyball, 89M)
|
Batting: RHB Thomas Morris
|
0-0: Foul Ball, location: 2F 0-1: Ball 1-1: Swinging Strike 1-2: Ground out 5-3 (Groundball, 56)
|
Top of the 5th over - 0 run(s), 1 hit(s), 0 error(s), 1 left on base; Balboa 2 - Brinkley 6 |
BOTTOM OF THE 5TH |
Brinkley Belugas batting - Pitching for Balboa Buccaneers : RHP Jordan Collins
|
Batting: LHB Patrick Larson
|
0-0: Called Strike 0-1: Called Strike 0-2: Strikes out swinging
|
Batting: SHB Edgar Cantú
|
0-0: Ball 1-0: Ball 2-0: SINGLE (Popup, 5D)
|
Batting: RHB Max Burke
|
0-0: Grounds into double play, 6-4-3 (Groundball, 6)
|
Bottom of the 5th over - 0 run(s), 1 hit(s), 0 error(s), 0 left on base; Balboa 2 - Brinkley 6 |
TOP OF THE 6TH |
Balboa Buccaneers batting - Pitching for Brinkley Belugas : RHP Kirk Evans
|
Batting: RHB Tom Tracy
|
0-0: Called Strike 0-1: SINGLE (Groundball, 6MD)
|
Batting: RHB César Garza
|
0-0: 2-RUN HOME RUN (Flyball, 8LXD), Distance : 436 ft
|
Batting: RHB Louie McNeil
|
0-0: Called Strike 0-1: Foul Ball, location: 2F 0-2: Ball 1-2: Ball 2-2: Ball 3-2: Foul Ball, location: 2F 3-2: Strikes out swinging
|
Batting: LHB Dudley Duncan
|
0-0: Ball 1-0: Swinging Strike 1-1: Ball 2-1: Ball 3-1: Foul Ball, location: 2F 3-2: SINGLE (Line Drive, 6D)
|
Batting: RHB Leonard James
|
0-0: Ball 1-0: Foul Ball, location: 2F 1-1: Called Strike 1-2: Grounds into double play, 5-4-3 (Groundball, 5)
|
Top of the 6th over - 2 run(s), 3 hit(s), 0 error(s), 0 left on base; Balboa 4 - Brinkley 6 |
BOTTOM OF THE 6TH |
Brinkley Belugas batting - Pitching for Balboa Buccaneers : RHP Jordan Collins
|
Batting: RHB James Peterson
|
0-0: Called Strike 0-1: Called Strike 0-2: Foul Ball, location: 2F 0-2: Foul Ball, location: 2F 0-2: Ball 1-2: Ground out 5-3 (Groundball, 5L)
|
Batting: RHB Alberto Morales
|
0-0: Called Strike 0-1: Swinging Strike 0-2: SINGLE (Line Drive, 7S)
|
Batting: RHB Juan Díaz
|
0-0: Called Strike 0-1: Foul Ball, location: 2F 0-2: Foul Ball, location: 2F 0-2: Ball 1-2: Ball 2-2: Grounds into double play, 6-4-3 (Groundball, 6)
|
Bottom of the 6th over - 0 run(s), 1 hit(s), 0 error(s), 0 left on base; Balboa 4 - Brinkley 6 |
TOP OF THE 7TH |
Balboa Buccaneers batting - Pitching for Brinkley Belugas : RHP Kirk Evans
|
Batting: SHB Theodore Buck
|
0-0: Ball 1-0: Ball 2-0: Swinging Strike 2-1: Ground out 3-1 (Groundball, 34)
|
Batting: RHB Bob MacGruder
|
0-0: Foul Ball, location: 2F 0-1: Called Strike 0-2: Ball 1-2: Strikes out swinging
|
Batting: RHB Matt Nelson
|
0-0: Ball 1-0: Swinging Strike 1-1: Ball 2-1: Foul Ball, location: 2F 2-2: Ball 3-2: Strikes out swinging
|
Top of the 7th over - 0 run(s), 0 hit(s), 0 error(s), 0 left on base; Balboa 4 - Brinkley 6 |
BOTTOM OF THE 7TH |
Brinkley Belugas batting - Pitching for Balboa Buccaneers : RHP Jordan Collins
|
Pitching: RHP Michael Woods
|
|
Batting: RHB Dave Nichols
|
0-0: Ball 1-0: Fly out, F7 (Line Drive, 7M)
|
Batting: SHB Earl Holman
|
0-0: Called Strike 0-1: Ground out 6-3 (Groundball, 6)
|
Batting: RHB Jean Pronk
|
0-0: Ball 1-0: Swinging Strike 1-1: Hit by Pitch
|
Batting: LHB Patrick Larson
|
0-0: Ball 1-0: Foul Ball, location: 2F 1-1: Ball 2-1: Ball 3-1: Called Strike 3-2: Base on Balls Jean Pronk to second
|
Batting: SHB Edgar Cantú
|
0-0: Called Strike 0-1: Ball 1-1: Ball 2-1: Swinging Strike 2-2: Foul Ball, location: 2F 2-2: Ball 3-2: Base on Balls Jean Pronk to third Patrick Larson to second
|
Pinch Hitting: RHB Terry Ryals
|
0-0: Ball 1-0: Foul Ball, location: 2F 1-1: Ball 2-1: Called Strike 2-2: SINGLE (Groundball, 5D) Jean Pronk scores Patrick Larson to third Edgar Cantú to second Runner from 3rd tries for Home, SAFE, no throw or cutoff
|
Pitching: RHP Tom Hernández
|
|
Batting: RHB James Peterson
|
0-0: Ball 1-0: Swinging Strike 1-1: Foul Ball, location: 2F 1-2: Strikes out swinging
|
Bottom of the 7th over - 2 run(s), 1 hit(s), 0 error(s), 2 left on base; Balboa 4 - Brinkley 8 |
TOP OF THE 8TH |
Balboa Buccaneers batting - Pitching for Brinkley Belugas : RHP Kirk Evans
|
Now at 3B: Carlos Salinas
|
|
Batting: RHB Thomas Morris
|
0-0: Called Strike 0-1: Bunt for hit - play at first, batter safe!
|
Pitching: RHP José Gutiérrez
|
|
Batting: RHB Tom Tracy
|
0-0: Called Strike 0-1: Foul Ball, location: 2F 0-2: Foul Ball, location: 2F 0-2: Foul Ball, location: 2F 0-2: Foul Ball, location: 2F 0-2: Fly out, F9 (Flyball, 9M)
|
Batting: RHB César Garza
|
0-0: Ground out 4-3 (Groundball, 4M) Thomas Morris to second
|
Batting: RHB Louie McNeil
|
0-0: SINGLE (Flyball, 78S) Thomas Morris to third Runner from 3rd tries for Home, SAFE, no throw or cutoff
|
Pitching: LHP Qing-nian Gong
|
|
Batting: LHB Dudley Duncan
|
0-0: Ball 1-0: Called Strike 1-1: Ground out 1-3 (Groundball, 15)
|
Top of the 8th over - 1 run(s), 2 hit(s), 0 error(s), 1 left on base; Balboa 5 - Brinkley 8 |
BOTTOM OF THE 8TH |
Brinkley Belugas batting - Pitching for Balboa Buccaneers : RHP Tom Hernández
|
Batting: RHB Alberto Morales
|
0-0: Ball 1-0: Swinging Strike 1-1: Ball 2-1: Called Strike 2-2: Ball 3-2: Foul Ball, location: 2F 3-2: Base on Balls
|
Batting: RHB Juan Díaz
|
0-0: Swinging Strike 0-1: Ball 1-1: Called Strike 1-2: Foul Ball, location: 2F 1-2: Foul Ball, location: 2F 1-2: Foul Ball, location: 2F 1-2: Ball 2-2: SINGLE (Line Drive, 89M) Alberto Morales to second
|
Batting: RHB Dave Nichols
|
0-0: Ball 1-0: Ground out 5-3 (Groundball, 5S) Alberto Morales to third Juan Díaz to second
|
Batting: SHB Earl Holman
|
0-0: Ball 1-0: Called Strike 1-1: Foul Ball, location: 2F 1-2: Ball 2-2: Ground out 4-3 (Groundball, 34)
|
Batting: RHB Jean Pronk
|
0-0: Ball 1-0: Ball 2-0: Foul Ball, location: 2F 2-1: Ball 3-1: 3-RUN HOME RUN (Line Drive, 9D), Distance : 383 ft
|
Pitching: RHP Dale Murray
|
|
Batting: LHB Patrick Larson
|
0-0: Called Strike 0-1: Ball 1-1: Swinging Strike 1-2: Ball 2-2: Ball 3-2: Foul Ball, location: 2F 3-2: Fly out, F6 (Popup, 78S)
|
Bottom of the 8th over - 3 run(s), 2 hit(s), 0 error(s), 0 left on base; Balboa 5 - Brinkley 11 |
TOP OF THE 9TH |
Balboa Buccaneers batting - Pitching for Brinkley Belugas : LHP Qing-nian Gong
|
Pitching: RHP Melvin González
|
|
Batting: RHB Leonard James
|
0-0: Ball 1-0: Foul Ball, location: 2F 1-1: Ball 2-1: Ground out 4-3 (Groundball, 4)
|
Batting: SHB Theodore Buck
|
0-0: Ball 1-0: Called Strike 1-1: Foul Ball, location: 2F 1-2: Ball 2-2: Strikes out swinging
|
Batting: RHB Bob MacGruder
|
0-0: Called Strike 0-1: Swinging Strike 0-2: Ball 1-2: Ball 2-2: Foul Ball, location: 2F 2-2: Strikes out swinging
|
Top of the 9th over - 0 run(s), 0 hit(s), 0 error(s), 0 left on base; Balboa 5 - Brinkley 11 |
|